 Dungeon Crawl Stone Soup version 0.17-a0-1176-g3d5a0d0 (webtiles) character file.

15 Gorice the Charmwright (level 2, 0/16 HPs)
             Began as a Deep Elf Wanderer on May 30, 2015.
             Slain by a hobgoblin
             ... wielding a +0 club
              (4 damage)
             ... on level 1 of the Dungeon.
             The game lasted 00:02:55 (318 turns).

Gorice the Charmwright (Deep Elf Wanderer)           Turns: 318, Time: 00:02:55

Health: 0/16       AC:  3    Str:  7    XL:     2   Next: 34%
Magic:  0/6        EV: 12    Int: 17    God:
Gold:   62         SH:  0    Dex: 15    Spells: 2 memorised, 2 levels left

rFire  . . .     SeeInvis .     a - +0 dagger
rCold  . . .     Clarity  .     i - +0 leather armour
rNeg   . . .     SustAt   .     (no shield)
rPois  .         Gourm    .     (no helmet)
rElec  .         Spirit   .     (no cloak)
rCorr  .         Warding  .     (no gloves)
rMut   .         Stasis   .     (no boots)
MR     .....                    (no amulet)
Stlth  ++........               (no ring)
                                (no ring)

@: infused, not resistant to hostile enchantments, unstealthy
A: no striking features
a: no special abilities


You were on level 1 of the Dungeon.
You were not hungry.

You visited 1 branch of the dungeon, and saw 1 of its levels.

You collected 62 gold pieces.

Inventory:

Hand weapons
 a - a +0 dagger (weapon)
Missiles
 Z - 3 stones (quivered)
Armour
 d - a +0 robe
 i - a +0 leather armour (worn)
Scrolls
 c - a scroll of teleportation {!r}
 j - 2 scrolls of enchant weapon {unknown}
Potions
 l - 2 potions of agility {unknown}
Books
 b - the Compendium of Bewitchment

   Spells                             Type                      Level
   a - Corona                         Hexes                        1
   b - Summon Guardian Golem          Hexes/Summoning              3
 e - a book of Battle
Comestibles
 f - 2 bread rations {!e}
 g - 8 chunks of flesh
 h - a slice of pizza
 k - a beef jerky


   Skills:
 - Level 1.0 Fighting
 - Level 1.1 Throwing
 - Level 2.4 Dodging
 - Level 1.2 Stealth
 + Level 1.8 Spellcasting
 * Level 1.6 Hexes
 * Level 4.9 Charms
   Level 1.0 Air Magic


You had 2 spell levels left.
You knew the following spells:

 Your Spells              Type           Power        Failure   Level  Hunger
a - Infusion              Chrm           ###...       4%          1    #......
b - Corona                Hex            #......      17%         1    #......


Dungeon Overview and Level Annotations

Branches:
Dungeon (1/15)

Altars:


Message History

You extend your infusion's duration.
The giant newt barely misses you.
You hit the giant newt!
You kill the giant newt!
A goblin comes into view. It is wielding a dagger.
You are too injured to fight recklessly!
You are too injured to fight recklessly!
You are too injured to fight recklessly!
You are too injured to fight recklessly!
You are too injured to fight recklessly!
The helpless goblin fails to defend itself.
You puncture the goblin!
You kill the goblin!
You see here a dagger.
Your magical infusion is running out.
You are no longer magically infusing your attacks.
A hobgoblin comes into view. It is wielding a club.
The hobgoblin shouts!
Casting: Infusion
Confirm with . or Enter, or press ? or * to list all spells.
You begin infusing your attacks with magical energy.
You hit the hobgoblin.
The hobgoblin is moderately wounded.
The hobgoblin hits you with a club.
* * * LOW HITPOINT WARNING * * *
Damage: 2 (max 2)
You are too injured to fight recklessly!
You are too injured to fight recklessly!
You are too injured to fight recklessly!
You are too injured to fight recklessly!
You are too injured to fight recklessly!
You are too injured to fight recklessly!
You barely miss the hobgoblin.
The hobgoblin is moderately wounded.
You hit the hobgoblin.
The hobgoblin is severely wounded.
The hobgoblin misses you.
You barely miss the hobgoblin.
The hobgoblin is severely wounded.
The hobgoblin closely misses you.
You barely miss the hobgoblin.
The hobgoblin is severely wounded.
The hobgoblin hits you but does no damage.
You hit the hobgoblin but do no damage.
The hobgoblin is severely wounded.
The hobgoblin closely misses you.
You hit the hobgoblin but do no damage.
The hobgoblin is severely wounded.
The hobgoblin hits you with a club.
You die...

.... #...### ### .......
#..... ....$.. ##...#
....... #...# .......
#...#####
.......#####........
...............#####
#........##.##
#....@...##.#
#...g....##.#
#..........##.########
......................
..#........##.######## .
#........##.#
#....#.###.#####.#
###....#.# #.# #.#
......#.###.#####.######


You could see a hobgoblin.

Vanquished Creatures
  A giant gecko (D:1)
  A bat (D:1)
  A giant cockroach (D:1)
  2 hobgoblins (D:1)
  2 kobolds (D:1)
  3 giant newts (D:1)
  A goblin (D:1)
  4 rats (D:1)
15 creatures vanquished.

Notes
Turn   | Place    | Note
--------------------------------------------------------------
     0 | D:1      | Gorice the Deep Elf Wanderer began the quest for the Orb.
     0 | D:1      | Gorice set off with: a book of Battle, the Compendium of Bewitchment, a scroll of teleportation {!r}, a +0 robe, a +0 dagger, a bread ration {!e}
     0 | D:1      | Reached XP level 1. HP: 12/12 MP: 5/5
     0 | D:1      | Identified the Compendium of Bewitchment
     2 | D:1      | Learned a level 1 spell: Infusion
     4 | D:1      | Learned a level 1 spell: Corona
   109 | D:1      | Reached skill level 1 in Hexes
   171 | D:1      | Reached XP level 2. HP: 6/16 MP: 6/6
   183 | D:1      | HP: 4/16 [kobold (2)]
   251 | D:1      | HP: 4/16 [giant newt (1)]
   312 | D:1      | HP: 4/16 [hobgoblin/club (2)]
   318 | D:1      | Slain by a hobgoblin

Vault maps used:
D:1:      lightli_arrival_maybe_door_vault, roderic_bali_sauvastika

Action                   || total
-------------------------++-------
Melee: Dagger            ||    49
 Cast: Infusion          ||     5
 Stab: Sleeping          ||     3

Table legend:
 A = Turns spent in this place as a percentage of turns spent in the entire game.
 B = Non-inter-level travel turns spent in this place as a percentage of non-inter-level travel turns spent in the entire game.
 C = Inter-level travel turns spent in this place as a percentage of turns spent in this place.
 D = Turns resting spent in this place as a percentage of non-inter-level travel turns spent in this place.
 E = Turns spent auto-exploring this place as a percentage of non-inter-level travel turns spent in this place.
 F = Non-inter-level travel turns spent in this place divided by the number of levels of this place that you've seen.
                   A       B       C       D       E      F
               +-------+-------+-------+-------+-------+----------------------
         Total | 100.0 | 100.0 |   0.0 |   0.0 |   6.0 | 234.0
       Dungeon | 100.0 | 100.0 |   0.0 |   0.0 |   6.0 | 234.0
               +-------+-------+-------+-------+-------+----------------------

Vault maps used:
D:1:      lightli_arrival_maybe_door_vault, roderic_bali_sauvastika
